 Dungeon Crawl Stone Soup version 0.31-a0-750-gfe7b580527 (webtiles) character file.

Game seed: 3690241370434067530

20055 heikuro the Cleaver (level 13, -18/104 HPs)
             Began as a Formicid Fighter on Sept 15, 2023.
             Was a Priest of Okawaru.
             Demolished by a death knight
             ... wielding a +4 battleaxe of electrocution
              (31 damage)
             ... on level 14 of the Dungeon.
             The game lasted 00:26:58 (9832 turns).

heikuro the Cleaver (Formicid Fighter)              Turns: 9832, Time: 00:27:00

Health: -18/104    AC: 18    Str: 24    XL:     13   Next: 9%
Magic:  12/17      EV: 14    Int: 10    God:    Okawaru [***...]
Gold:   733        SH:  8    Dex: 13    Spells: 12/12 levels left

rFire   + . .        a - +1 battleaxe (elec)
rCold   . . .        c - +0 buckler
rNeg    + . .        j - +0 plate armour {rF+}
rPois   .            (helmet unavailable)
rElec   .            (no cloak)
rCorr   .            (no gloves)
SInv    +            z - +0 pair of boots
Will    +++..        v - amulet of regeneration Stlth
                     y - +5 ring of evasion
HPRegen 1.17/turn    P - ring of the Stag {rN+ Will++}
MPRegen 0.15/turn

%: no passive effects
@: heroic, finesse-ful
A: permanent stasis, dig shafts and tunnels, antennae 3, four strong arms
a: Dig, Shaft Self, Renounce Religion, Heroism


You were on level 14 of the Dungeon.
You worshipped Okawaru.
Okawaru was most pleased with you.
You visited 2 branches of the dungeon, and saw 14 of its levels.
You also visited: Gauntlet.

You collected 933 gold pieces.
You spent 200 gold pieces at shops.

Inventory:

Hand Weapons
 a - a +1 battleaxe of electrocution (weapon)
 b - a +4 sling of draining
 B - a +2 war axe of freezing
 F - a +2 dagger of venom
 O - a +5 glaive of venom
Missiles
 p - 23 poisoned darts (quivered)
 t - 4 curare-tipped darts
 C - 4 throwing nets
Armour
 c - a +0 buckler (worn)
 j - a +0 plate armour of fire resistance (worn)
 z - a +0 pair of boots (worn)
 J - +0 ice dragon scales
Jewellery
 v - an amulet of regeneration (around neck)
 y - a +5 ring of evasion (left hand)
 L - a ring of protection from fire
 M - a ring of ice
 P - the ring of the Stag (right hand) {rN+ Will++}
   (You found it in a Gauntlet)

   [ring of positive energy]

   rN+:       It protects you from negative energy.
   Will++:    It greatly increases your willpower.
Wands
 w - a wand of roots (17)
 K - a wand of polymorph (17)
 Q - a wand of acid (5)
Scrolls
 e - 4 scrolls of fog {unknown}
 f - 4 scrolls of blinking {unknown}
 g - 3 scrolls of enchant weapon
 h - 3 scrolls of revelation
 l - a scroll of enchant armour {unknown}
 m - 2 scrolls of teleportation {unknown}
 n - a scroll of brand weapon {unknown}
 q - 3 scrolls of immolation
 r - 9 scrolls of identify
 s - 4 scrolls of fear {unknown}
 u - a scroll of noise {unknown}
 D - 2 scrolls of torment {unknown}
 E - 4 scrolls of poison {unknown}
 H - a scroll of amnesia {unknown}
 I - a scroll of vulnerability {unknown}
 N - a scroll of butterflies {unknown}
Potions
 d - 3 potions of might
 i - 3 potions of lignification
 k - 6 potions of curing
 o - a potion of enlightenment
 x - a potion of invisibility
 A - a potion of resistance
 G - 2 potions of heal wounds {unknown}
 R - a potion of brilliance {unknown}


   Skills:
 + Level 10.5(15.5) Fighting
 * Level 12.9(17.9) Axes
 + Level 10.5(15.5) Armour
 + Level 12.3(17.3) Shields
 + Level 6.5 Invocations


You had 12 spell levels left.
You didn't know any spells.
Your spell library contained the following spells:

 Spells                   Type           Power      Damage    Failure   Level
 Freeze                   Ice            0%         1d3       97%         1
 Sting                    Tmut/Pois      0%         1d3       97%         1
 Poisonous Vapours        Pois/Air       0%         N/A       99%         2
 Frozen Ramparts          Ice            0%         1d1       100%        3
 Hailstorm                Conj/Ice       0%         3d3       100%        3
 Sigil of Binding         Hex            0%         N/A       100%        3
 Dimensional Bullseye     Hex/Tloc       0%         N/A       100%        4
 Leda's Liquefaction      Hex/Erth       0%         N/A       100%        4
 Manifold Assault         Tloc           0%         N/A       100%        4
 Olgreb's Toxic Radiance  Pois           0%         N/A       100%        4
 Arcjolt                  Conj/Air       0%         1d10      100%        5
 Fireball                 Conj/Fire      0%         3d3       100%        5
 Iskenderun's Battlesphe  Conj           0%         2d6       100%        5
 Conjure Ball Lightning   Conj/Air       0%         3x3d6     100%        6
 Plasma Beam              Fire/Air       0%         2x1d10    100%        6
 Orb of Destruction       Conj           0%         9d5       100%        7
 Blink                    Tloc           Unusable   N/A       N/A         2
 Call Canine Familiar     Summ           Unusable   N/A       N/A         3
 Vhi's Electric Charge    Tloc/Air       Unusable   N/A       N/A         4

Dungeon Overview and Level Annotations

Branches:
Dungeon (14/15)            Temple (1/1) D:7            Lair (0/5) D:8
    Orc (0/2) D:10        Gauntlet (visited)
 Vaults: D:13-14

Altars:
Ashenzari
Cheibriados
Dithmenos
Elyvilon
Fedhas
Gozag
Hepliaklqana
Kikubaaqudgha
Makhleb
Nemelex Xobeh
Okawaru
Qazlal
Ru
Sif Muna
Trog
Uskayaw
Vehumet
Wu Jian
Xom
Yredelemnul
Zin
The Shining One

Shops:
D:4 *?(   D:7 *   D:10 !   D:11 [

Annotations:
D:8 1 runed translucent door


Innate Abilities, Weirdness & Mutations

You cannot be hasted, slowed, berserked, paralysed or teleported.
You can dig through walls and to a lower floor.
You have a pair of large antennae on your head. (SInv)
Your four strong arms can wield two-handed weapons with a shield.


Message History

You slash the death knight!
The death knight is lightly wounded.
You hit the slime creature. You hit the wraith but do no damage.
The death knight reflects your damage back at you!
Unknown command.
You closely miss the death knight.
The death knight is lightly wounded.
You slash the slime creature!
Lightning courses through the slime creature!
You closely miss the wraith.
Unknown command.
You hit the death knight.
The death knight is lightly wounded.
You barely miss the slime creature. You slash the wraith!
The death knight reflects your damage back at you!
The wraith hits you but does no damage. The slime creature hits you.
The phantasmal warrior gestures at you.
The phantasmal warrior blinks!
The death knight mumbles some strange prayers to Yredelemnul against you.
You resist with almost no effort.
You slice the death knight!!
The death knight is heavily wounded.
You hit the wraith. Lightning courses through the wraith!
You slash the slime creature!
The death knight reflects your damage back at you!
* * * LOW HITPOINT WARNING * * *
Unknown command.
You slash the death knight!
The death knight is severely wounded.
You hit the slime creature.
Lightning courses through the slime creature!
You closely miss the wraith.
The death knight reflects your damage back at you!
* * * LOW HITPOINT WARNING * * *
You block the wraith's attack. The slime creature hits you!
* * * LOW HITPOINT WARNING * * *
The phantasmal warrior gestures at you.
The phantasmal warrior blinks!
The death knight hits you with a +4 battleaxe of electrocution!!
You die...

...... #.....
.................##.....
.....................(..
.C..................>...
........................
..§.W..§..............##
#......................
##...?pW.........#......
...§..J@##.......#...#..
......J..)...........###
!............#.##....#
.............####...##
.............# #.....
..#..........# ##......
.......#....## #...#..
.....###.### #...###
....# ### ####


You could see a death knight (reflects damage), 2 slime creatures, a cyclops, a
phantasmal warrior and a wraith.

Vanquished Creatures
  A minotaur (Gauntlet)
  Fannar (D:12)
  A ghost crab (Gauntlet)
  3 two-headed ogres
  A death scarab (Gauntlet)
  A tengu warrior (Gauntlet)
  Urug (D:12)
  Sonja (D:10)
  A skeletal warrior (D:14)
  Lodul (D:12)
  A deep elf pyromancer (D:12)
  A manticore (D:8)
  A guardian serpent (shapeshifter) (D:8)
  Joseph (D:7)
  Psyche (D:10)
  A gargoyle (D:10)
  A kobold demonologist (D:11)
  A freezing wraith (D:14)
  A tengu conjurer (Gauntlet)
  3 trolls
  A hornet (D:10)
  A wyvern (D:9)
  4 wraiths
  4 shadows
  20 yaks
  A steam dragon (D:11)
  3 vampire mosquitoes (D:12)
  3 acid dragons
  6 water moccasins
  Duvessa (D:7)
  A sky beast (D:7)
  3 orc warriors
  3 ice beasts
  10 ogres
  A spectral torpor snail (Gauntlet)
  3 centaurs
  A kobold brigand (D:11)
  4 bullfrogs
  3 wights (D:7)
  Dowan (D:7)
  6 killer bees
  2 howler monkeys
  4 lava snakes (D:8)
  2 jellies
  5 orc priests
  A gnoll bouda (D:8)
  2 hounds (D:5)
  A sleepcap (D:4)
  3 iguanas
  11 orc wizards
  3 gnolls (D:8)
  6 adders
  2 white imps (D:6)
  An ufetubus (D:6)
  A worm (D:2)
  8 dart slugs
  41 orcs
  6 bats
  8 endoplasms
  3 giant cockroaches
  10 goblins
  6 hobgoblins
  8 jackals
  3 quokkas
  10 ball pythons
  4 frilled lizards
  9 kobolds
  13 rats
277 creatures vanquished.

Notes
Turn   | Place    | Note
-------+----------+-------------------------------------------
     0 | D:1      | heikuro the Formicid Fighter began the quest for the Orb.
     0 | D:1      | Reached XP level 1. HP: 18/18 MP: 1/1
   100 | D:1      | Reached XP level 2. HP: 5/24 MP: 2/2
   342 | D:1      | Reached XP level 3. HP: 29/29 MP: 3/3
  1179 | D:2      | Reached XP level 4. HP: 37/37 MP: 4/4
  1894 | D:3      | Reached XP level 5. HP: 42/42 MP: 5/5
  2565 | D:4      | Found Seuxus's General Store.
  2655 | D:4      | Found Gymomeb's Magic Scroll Shoppe.
  2657 | D:4      | Reached skill level 5 in Shields
  2960 | D:4      | Reached XP level 6. HP: 48/48 MP: 6/6
  3060 | D:4      | Bought a +0 battleaxe of electrocution for 200 gold pieces
  3172 | D:4      | Found Poguff's Weapon Emporium.
  3261 | D:5      | Entered Level 5 of the Dungeon
  3517 | D:5      | Noticed an ice beast
  3525 | D:5      | Killed an ice beast
  3526 | D:5      | Reached XP level 7. HP: 37/55 MP: 7/7
  3833 | D:5      | Reached skill level 5 in Axes
  4056 | D:6      | Reached skill level 5 in Fighting
  4130 | D:6      | Reached skill level 5 in Armour
  4190 | D:6      | Found a basalt altar of Yredelemnul.
  4271 | D:6      | Reached XP level 8. HP: 38/62 MP: 8/8
  4626 | D:6      | Found a hide-covered altar of Uskayaw.
  4626 | D:6      | Found a radiant altar of Vehumet.
  4745 | D:7      | Noticed Joseph
  4761 | D:7      | Killed Joseph
  4845 | D:7      | Reached XP level 9. HP: 67/69 MP: 9/9
  4895 | D:7      | Noticed Duvessa
  4895 | D:7      | Noticed Dowan
  4904 | D:7      | Killed Duvessa
  4919 | D:7      | Killed Dowan
  5135 | D:7      | Found a staircase to the Ecumenical Temple.
  5143 | Temple   | Entered the Ecumenical Temple
  5160 | Temple   | Became a worshipper of Warmaster Okawaru
  5418 | D:7      | Found Zin's Purification Station.
  5423 | D:7      | Found a glowing silver altar of Zin.
  5882 | D:8      | Reached * piety under Okawaru
  5883 | D:8      | Reached XP level 10. HP: 79/79 MP: 10/10
  5898 | D:8      | Noticed a two-headed ogre
  5907 | D:8      | Killed a two-headed ogre
  5911 | D:8      | Noticed a manticore
  5924 | D:8      | Killed a manticore
  5924 | D:8      | Reached ** piety under Okawaru
  6113 | D:8      | Found a staircase to the Lair.
  6142 | D:8      | Found an iron altar of Okawaru.
  6175 | D:8      | Found a shimmering altar of Xom.
  6201 | D:8      | Found a snail-covered altar of Cheibriados.
  6201 | D:8      | Noticed a guardian serpent
  6207 | D:8      | Killed a guardian serpent
  6590 | D:8      | Found a runed translucent door.
  6590 | D:8      | Found a burning altar of Makhleb.
  6590 | D:8      | Noticed a sixfirhy
  6887 | D:9      | Reached *** piety under Okawaru
  6906 | D:9      | Found a glowing golden altar of the Shining One.
  6939 | D:9      | Reached skill level 10 in Axes
  6939 | D:9      | Reached skill level 10 in Shields
  6940 | D:9      | Reached XP level 11. HP: 87/87 MP: 8/11
  6964 | D:9      | Reached skill level 1 in Invocations
  6983 | D:9      | Reached **** piety under Okawaru
  7438 | D:10     | Entered Level 10 of the Dungeon
  7449 | D:10     | Noticed a two-headed ogre
  7455 | D:10     | Killed a two-headed ogre
  7485 | D:10     | Noticed a two-headed ogre
  7498 | D:10     | Killed a two-headed ogre
  7549 | D:10     | Noticed Psyche
  7561 | D:10     | Killed Psyche
  7573 | D:10     | Found Moqatuel's Distillery.
  7832 | D:10     | Reached ***** piety under Okawaru
  7846 | D:10     | Reached XP level 12. HP: 67/96 MP: 13/15
  8027 | D:10     | Noticed Sonja
  8034 | D:10     | Killed Sonja
  8174 | D:10     | Found a staircase to the Orcish Mines.
  8583 | D:11     | Found Biruiq's Superior Scales.
  9115 | D:12     | Noticed Lodul
  9116 | D:12     | Reached skill level 5 in Invocations
  9129 | D:12     | Killed Lodul
  9158 | D:12     | Identified the +5 scale mail of the Nexus {rF+ Str+2
                  | Stlth+} (Okawaru gifted it to you on level 12 of the
                  | Dungeon)
  9158 | D:12     | Received a gift from Okawaru
  9163 | D:12     | Reached skill level 10 in Fighting
  9163 | D:12     | Reached skill level 10 in Armour
  9174 | D:12     | Noticed Fannar
  9183 | D:12     | Killed Fannar
  9195 | D:12     | Noticed Urug
  9212 | D:12     | Killed Urug
  9243 | D:12     | Found a gate leading to a gauntlet.
  9250 | D:12     | Noticed a four-headed hydra
  9254 | Gauntlet | Entered a Gauntlet
  9254 | Gauntlet | Noticed a tengu warrior
  9254 | Gauntlet | Noticed a catoblepas
  9254 | Gauntlet | Found a large runed translucent door.
  9254 | Gauntlet | Found a large runed translucent door.
  9254 | Gauntlet | Found a large runed translucent door.
  9254 | Gauntlet | Found a large runed translucent door.
  9254 | Gauntlet | Found a runed translucent door.
  9254 | Gauntlet | Found a large runed translucent door.
  9254 | Gauntlet | Found a large runed translucent door.
  9254 | Gauntlet | Found a transporter.
  9254 | Gauntlet | Found a transporter.
  9254 | Gauntlet | Found a large runed translucent door.
  9254 | Gauntlet | Found a large runed translucent door.
  9254 | Gauntlet | Found a runed translucent gate.
  9254 | Gauntlet | Found a runed translucent gate.
  9254 | Gauntlet | Found a transporter.
  9254 | Gauntlet | Found a transporter.
  9258 | Gauntlet | Found a transporter.
  9258 | Gauntlet | Found a transporter.
  9264 | Gauntlet | Noticed a death scarab
  9270 | Gauntlet | Found a transporter.
  9272 | Gauntlet | Found a transporter.
  9288 | Gauntlet | Found a transporter.
  9289 | Gauntlet | Found a transporter.
  9289 | Gauntlet | Noticed a hell beast
  9293 | Gauntlet | Noticed a ghost crab
  9307 | Gauntlet | Found a transporter.
  9311 | Gauntlet | Found a transporter.
  9327 | Gauntlet | Found a runed translucent gate.
  9328 | Gauntlet | Found a large runed translucent door.
  9328 | Gauntlet | Found a large runed translucent door.
  9329 | Gauntlet | Found a large runed translucent door.
  9330 | Gauntlet | Found a large runed translucent door.
  9331 | Gauntlet | Found a large runed translucent door.
  9331 | Gauntlet | Found a large runed translucent door.
  9331 | Gauntlet | Found a runed translucent door.
  9332 | Gauntlet | Found a large runed translucent door.
  9333 | Gauntlet | Found a large runed translucent door.
  9504 | Gauntlet | Killed a tengu warrior
  9528 | Gauntlet | Killed a death scarab
  9593 | Gauntlet | Killed a ghost crab
  9602 | Gauntlet | Identified the ring of the Stag {rN+ Will++}
  9610 | Gauntlet | Noticed a minotaur
  9616 | Gauntlet | Killed a minotaur
  9617 | Gauntlet | Reached XP level 13. HP: 99/104 MP: 14/17
  9711 | D:12     | You fall into a shaft and drop 2 floors!
  9832 | D:14     | Demolished by a death knight

Illustrated notes

Levels and vault maps discovered:
D:1:      nagdon_arrival_double_spiral, layout_basic, minivault_4
D:2:      layout_loops_ring, lightli_corner_chamber
D:3:      layout_loops_corners, chequers_decorated_corner
D:4:      layout_gridville, serial_shops, nicolae_shop_stone, shop, shop,
          fountainhead
D:5:      layout_cave_pools, hex_tiny, st_stairs_1
D:6:      layout_basic, nicolae_overflow_two_pavilions,
          mainiacjoe_overflow_paths, minmay_gold_behind_fungi, fountainhead
D:7:      layout_basic, zin_purify, minmay_temple_entry_wispy, uniq_joseph,
          uniq_duvessa
D:8:      layout_loops_cross, nzn_makhleb_speed_demon,
          mainiacjoe_overflow_alcove_2, lair_entry_dummy, chequers_garden,
          hangedman_feature_mirror, kennysheep_island_fort
D:9:      layout_small_grid, lemuel_crystal_altar
D:10:     layout_roguey, hiddenorc1_lemuel, serial_shops, shop, uniq_sonja,
          uniq_psyche
D:11:     layout_small_grid, hellmonk_scale_shop
D:12:     layout_cave_pools, gauntlet_entry_generic, uniq_urug, uniq_fannar,
          uniq_lodul
D:14:     layout_cave_pools, erik_vaults_2, serial_bayou_shore_b
Temple:   nicolae_temple_superstar

Skill      XL: |  1  2  3  4  5  6  7  8  9 10 11 12 |
---------------+-------------------------------------+-----
Axes           | 3 4 5 6 8 10 11 12 | 12.9
Armour         | 4 5 6 7 8 9 10 | 10.5
Fighting       | 4 5 6 7 8 9 10 | 10.5
Shields        | 5 6 7 8 10 11 12 | 12.3
Invocations    | 4 6 |  6.5

Action                     |  1- 3 |  4- 6 |  7- 9 | 10-12 | 13-15 || total
---------------------------+-------+-------+-------+-------+-------++-------
  Melee: War axe           |    80 |   151 |       |       |       ||   231
         Battleaxe         |       |    24 |   201 |   291 |    20 ||   536
   Fire: Sling             |       |       |       |       |     9 ||     9
  Throw: Dart              |       |     5 |       |     4 |       ||     9
 Invoke: Heroism           |       |       |       |    13 |     2 ||    15
         Finesse           |       |       |       |     1 |     1 ||     2
Ability: Dig               |       |     1 |       |     1 |       ||     2
         Shaft Self        |       |       |       |       |     1 ||     1
    Use: Scroll            |       |       |     3 |     7 |       ||    10
         Potion            |       |       |       |     1 |       ||     1
 Armour: Scale mail        |    66 |   105 |       |       |       ||   171
         Chain mail        |       |     7 |    33 |       |       ||    40
         Plate armour      |       |       |   157 |   157 |    56 ||   370
         Ice dragon scales |       |       |       |    96 |       ||    96
  Dodge: Dodged            |    36 |    94 |   125 |   209 |    27 ||   491
  Block: Buckler           |    18 |    49 |    72 |   131 |    12 ||   282

Table legend: (Time is in decaauts)
 A = Elapsed time spent in this place.
 B = Non-inter-level travel time spent in this place.
 C = Inter-level travel time spent in this place.
 D = Time resting spent in this place.
 E = Time spent auto-exploring this place.
 F = Levels seen in this place.
 G = Mean time per level.
                   A        B        C        D        E       F      G
               +--------+--------+--------+--------+--------+-----+--------+
         Total |  10055 |   9458 |    597 |    534 |   5736 |  15 |  670.3 |
       Dungeon |   9589 |   9005 |    584 |    495 |   5569 |  13 |  737.6 |
        Temple |     30 |     17 |     13 |      0 |      0 |   1 |   30.0 |
      Gauntlet |    434 |    434 |      0 |     39 |    167 |   1 |  434.0 |
               +--------+--------+--------+--------+--------+-----+--------+

Top non-repeatable levels by time:
     D:7: 1008 daAuts
     D:8: 1007 daAuts
     D:1: 987 daAuts
     D:3: 922 daAuts
    D:11: 839 daAuts
    D:10: 792 daAuts
     D:6: 784 daAuts
     D:2: 762 daAuts
     D:9: 751 daAuts
     D:5: 729 daAuts
     D:4: 710 daAuts
Gauntlet: 434 daAuts
    D:12: 181 daAuts
    D:14: 111 daAuts
  Temple: 30 daAuts
